 Dungeon Crawl Stone Soup version 0.29-a0-419-g77450f2 (webtiles) character file.

Game seed: 15497460433907801128

25 Think the Cutter (level 3, 0/26 HPs)
             Began as an Octopode Fighter on May 18, 2022.
             Was a Follower of Cheibriados.
             Slain by a hobgoblin (3 damage)
             ... on level 1 of the Dungeon.
             The game lasted 00:01:01 (820 turns).

Think the Cutter (Octopode Fighter)                  Turns: 820, Time: 00:01:02

Health: 0/26       AC:  1    Str: 17    XL:     3   Next: 4%
Magic:  3/3        EV: 13    Int: 14    God:    Cheibriados [*.....]
Gold:   53         SH:  4    Dex: 13    Spells: 2/2 levels left

rFire   . . .      SeeInvis .   a - +0 rapier
rCold   . . .      Faith    .   b - +0 buckler
rNeg    . . .      Spirit   .   (helmet restricted)
rPois   .          Reflect  .   (no amulet)
rElec   .          Harm     .   (no ring)
rCorr   .          Rampage  .   (no ring)
Will    .....                   (no ring)
Stlth   ++........              (no ring)
HPRegen 0.08/turn               (no ring)
MPRegen 0.08/turn               (no ring)
                                (no ring)
                                (no ring)

@: very slow
A: almost no armour, amphibious, 8 rings, camouflage 1, gelatinous body 1,
(nimble swimmer 1), tentacles
a: Renounce Religion, Bend Time


You were on level 1 of the Dungeon.
You worshipped Cheibriados.
Cheibriados was aware of your devotion.
You visited 1 branch of the dungeon, and saw 1 of its levels.

You collected 53 gold pieces.

Inventory:

Hand Weapons
 a - a +0 rapier (weapon)
Armour
 b - a +0 buckler (worn)
 g - a +0 robe
Scrolls
 d - a scroll of fear {unknown}
 e - a scroll of identify {unknown}
Potions
 c - a potion of might
 f - a potion of attraction {unknown}


   Skills:
 - Level 3.0 Fighting
 + Level 3.4 Short Blades
 - Level 3.0 Dodging
 - Level 3.0 Shields


You had 2 spell levels left.
You didn't know any spells.
Your spell library was empty.

Dungeon Overview and Level Annotations

Branches:
Dungeon (1/15)

Altars:
Cheibriados


Innate Abilities, Weirdness & Mutations

You cannot wear most types of armour.
You are amphibious.
You can wear up to eight rings at the same time.
Your skin changes colour to match your surroundings (Stealth+).
Your rubbery body absorbs attacks. (AC +1, EV +1)
((You are camouflaged when in or above water. (Stealth+)))
You have tentacles for arms and can constrict up to eight enemies at once.


Message History

The bat hits you but does no damage.
g - a +0 robe The bat hits you.
You block the hobgoblin's attack. The hobgoblin barely misses you.
You block the hobgoblin's attack. The hobgoblin misses you.
The hobgoblin closely misses you. The hobgoblin hits you.
The hobgoblin misses you. The hobgoblin misses you.
The hobgoblin closely misses you. The hobgoblin barely misses you.
The hobgoblin misses you. The hobgoblin hits you.
You block the hobgoblin's attack. The hobgoblin hits you.
The hobgoblin barely misses you. The hobgoblin barely misses you.
The hobgoblin misses you. The hobgoblin closely misses you.
The hobgoblin hits you. The hobgoblin hits you.
The hobgoblin closely misses you. The hobgoblin closely misses you.
The hobgoblin barely misses you. You block the hobgoblin's attack.
The hobgoblin barely misses you. You block the hobgoblin's attack.
The hobgoblin barely misses you. The hobgoblin barely misses you.
The hobgoblin barely misses you. The hobgoblin hits you.
The hobgoblin hits you. The hobgoblin misses you. The hobgoblin hits you.
* * * LOW HITPOINT WARNING * * *
The hobgoblin closely misses you. The hobgoblin hits you.
You die...

#.# #.# #........##
#.# #.# #.?.......#
#.# #.#####..♣...♣
##.######.......[...♣
...#....†........♣._♣
.....####.###...P...♣
.. ###### #.#
#.......♣.P..
#.###.#...PP.P....
#.#.....@......#..
#.#.###g##........
#... #.....####.# ###
#. #.## # .. #.# ..
... .## .# .


You could see a hobgoblin.

Vanquished Creatures
  2 bats (D:1)
  3 endoplasms (D:1)
  2 giant cockroaches (D:1)
  3 goblins (D:1)
  A hobgoblin (D:1)
  4 jackals (D:1)
  A kobold (D:1)
  4 ball pythons (D:1)
  A frilled lizard (D:1)
21 creatures vanquished.

Vanquished Creatures (others)
  5 fungi (D:1)
  3 plants (D:1)
8 creatures vanquished.

Grand Total: 29 creatures vanquished

Notes
Turn   | Place    | Note
-------+----------+-------------------------------------------
     0 | D:1      | Think the Octopode Fighter began the quest for the Orb.
     0 | D:1      | Reached XP level 1. HP: 16/16 MP: 1/1
   135 | D:1      | Reached XP level 2. HP: 21/21 MP: 2/2
   641 | D:1      | Reached XP level 3. HP: 24/26 MP: 3/3
   666 | D:1      | Found a faded altar of an unknown god.
   674 | D:1      | Prayed at the altar of an unknown god.
   674 | D:1      | Became a worshipper of Cheibriados the Contemplative
   674 | D:1      | Reached * piety under Cheibriados
   820 | D:1      | Slain by a hobgoblin

Illustrated notes

Levels and vault maps discovered:
D:1:      mrwooster_arrival_statue_3, layout_loops_ring,
          dreamdust_ecumenical_altar_grove, minmay_misc_feat_enclosed,
          item_on_display_a

Skill      XL: |  1  2 |
---------------+-------+-----
Short Blades   | 3 |  3.4
Fighting       | |  3.0
Dodging        | |  3.0
Shields        | |  3.0

Action                   || total
-------------------------++-------
Melee: Rapier            ||    44
       Tentacles         ||     9
       Constrict         ||    10
 Stab: Sleeping          ||     2
Armor: Skin              ||    25
Dodge: Dodged            ||   116
Block: Buckler           ||    36

Table legend: (Time is in decaauts)
 A = Elapsed time spent in this place.
 B = Non-inter-level travel time spent in this place.
 C = Inter-level travel time spent in this place.
 D = Time resting spent in this place.
 E = Time spent auto-exploring this place.
 F = Levels seen in this place.
 G = Mean time per level.
                   A        B        C        D        E       F      G
               +--------+--------+--------+--------+--------+-----+--------+
         Total |    825 |    825 |      0 |    191 |    370 |   1 |  825.0 |
       Dungeon |    825 |    825 |      0 |    191 |    370 |   1 |  825.0 |
               +--------+--------+--------+--------+--------+-----+--------+

Top non-repeatable levels by time:
     D:1: 825 daAuts
